 Dungeon Crawl Stone Soup version 0.16-a0-3827-g034e2a6 (webtiles) character file.

226 PolkaDot the Vexing (level 5, -1/35 HPs)
             Began as a Vampire Enchanter on Jan 29, 2015.
             Was an Initiate of Makhleb.
             Killed by divine providence
             ... invoked by an orc priest
              (10 damage)
             ... on level 4 of the Dungeon.
             The game lasted 00:09:48 (3979 turns).

PolkaDot the Vexing (Vampire Enchanter)             Turns: 3979, Time: 00:09:49

Health: -1/35      AC:  5    Str:  7    XL:     5   Next: 69%
Magic:  0/9        EV: 12    Int: 18    God:    Makhleb [......]
Gold:   137        SH:  0    Dex: 14    Spells: 3 memorised, 2 levels left

rFire  . . .     SeeInvis +     a - +1 dagger
rCold  + + .     Clarity  .     b - +1 robe
rNeg   + + +     SustAb   .     (no shield)
rPois  +         Gourm    .     f - +0 hat
rElec  .         Spirit   .     (no cloak)
rCorr  .         Warding  .     e - +0 pair of gloves
rMut   .         Stasis   .     i - +0 pair of boots
MR     .....                    (no amulet)
Stlth  ++++......               (no ring)
                                (no ring)

@: regenerating slowly, not resistant to hostile enchantments, stealthy
A: bottle blood, fangs 3, see invisible, unbreathing
a: Bat Form, Renounce Religion


You were on level 4 of the Dungeon.
You worshipped Makhleb.
Makhleb was noncommittal.
You were near bloodless.

You visited 1 branch of the dungeon, and saw 4 of its levels.

You collected 137 gold pieces.

Inventory:

Hand weapons
 a - a +1 dagger (weapon)
Armour
 b - a +1 robe (worn)
 e - a +0 pair of gloves (worn)
 f - a +0 hat (worn)
 i - a +0 pair of boots (worn)
Jewellery
 g - an uncursed ring of invisibility {unknown}
 m - a +1 ring of evasion {unknown}
Magical devices
 p - a wand of lightning (0)
Scrolls
 d - a scroll of recharging {unknown}
 h - 4 scrolls of amnesia {unknown}
 k - 2 scrolls of identify {unknown}
 n - 3 scrolls of teleportation {unknown}
 o - a scroll of remove curse {unknown}
Potions
 j - a potion of restore abilities
Books
 c - a book of Maledictions

   Spells                             Type                      Level
   a - Corona                         Hexes                        1
   b - Sure Blade                     Hexes/Charms                 2
   c - Ensorcelled Hibernation        Hexes/Ice                    2
   d - Confuse                        Hexes                        3
   e - Dazzling Spray                 Conjuration/Hexes            3
   f - Enslavement                    Hexes                        4


   Skills:
 + Level 2.9 Short Blades
 - Level 2.1 Dodging
 + Level 6.2 Stealth
 - Level 2.0 Spellcasting
 * Level 7.6 Hexes


You had 2 spell levels left.
You knew the following spells:

 Your Spells              Type           Power        Failure   Level  Hunger
a - Corona                Hex            ####...      1%          1    #......
c - Confuse               Hex            ####....     2%          3    ###....
d - Ensorcelled Hibernat  Hex/Ice        ###...       8%          2    ###....


Dungeon Overview and Level Annotations

Branches:
Dungeon (4/15)
 Temple: D:4-7

Altars:
Elyvilon
Gozag
Makhleb


Innate Abilities, Weirdness & Mutations

You heal slowly.
You can bottle blood from corpses.
You have razor-sharp teeth.
You have supernaturally acute eyesight.
You can survive without breathing.


Message History

Makhleb accepts your kill.
You start resting.
An orc priest comes into view.
Drink which item? (? for menu, Esc to quit)
Okay, then.
A worker ant and an orc priest come into view.
The orc priest misses you.
A giant newt comes into view.
Casting: Ensorcelled Hibernation
Confirm with . or Enter, or press ? or * to list all spells.
Aiming: Ensorcelled Hibernation
Press: ? - help, Shift-Dir - straight line, f - orc priest
Aim: an orc priest, wearing a scale mail (chance 46%)
The orc priest resists with some effort.
* * * LOW MAGIC WARNING * * *
The orc priest hits you.
* * * LOW HITPOINT WARNING * * *
The orc priest calls down the wrath of Beogh upon you.
Something smites you!
You die...

### ###.# ....
#######.############
..........@........<#
#######o############
#†# #....# #....#
#.ao.. #....## #..l..
###.##


You could see an orc priest.

Vanquished Creatures
  A crimson imp (D:3)
  A hound (D:4)
  4 adders
  4 gnolls (D:3)
  3 worms
  An orc (D:3)
  15 bats
  A giant cockroach (D:2)
  6 goblins
  7 hobgoblins
  11 jackals (D:1)
  5 kobolds
  A quokka (D:3)
  A giant gecko (D:3)
  2 giant newts (D:3)
  6 rats
69 creatures vanquished.

Notes
Turn   | Place    | Note
--------------------------------------------------------------
     0 | D:1      | PolkaDot, the Vampire Enchanter, began the quest for the Orb.
     0 | D:1      | Reached XP level 1. HP: 13/13 MP: 3/3
   354 | D:1      | Reached skill level 5 in Hexes
   413 | D:1      | Reached XP level 2. HP: 16/19 MP: 2/4
   574 | D:1      | Learned a level 2 spell: Ensorcelled Hibernation
  1347 | D:1      | Reached XP level 3. HP: 10/24 MP: 1/6
  1673 | D:1      | Learned a level 3 spell: Confuse
  2046 | D:1      | Reached skill level 5 in Stealth
  2397 | D:2      | Found an opulent altar of Gozag.
  2399 | D:2      | Found a white marble altar of Elyvilon.
  2494 | D:2      | Reached skill level 6 in Hexes
  2506 | D:2      | Reached XP level 4. HP: 26/30 MP: 1/7
  3511 | D:3      | Found a burning altar of Makhleb.
  3515 | D:3      | Reached skill level 7 in Hexes
  3515 | D:3      | Reached XP level 5. HP: 35/35 MP: 9/9
  3518 | D:3      | Became a worshipper of Makhleb the Destroyer
  3979 | D:4      | Killed from afar by an orc priest

Action                   |  1- 3 |  4- 6 || total
-------------------------+-------+-------++-------
Melee: Dagger            |   141 |    53 ||   194
 Cast: Corona            |    16 |     1 ||    17
       Ensorcelled Hiber |    22 |    19 ||    41
Evoke: Wand              |       |     4 ||     4
  Use: Potion            |     1 |     5 ||     6
 Stab: Sleeping          |    11 |    19 ||    30
  Eat: Corpse            |     1 |       ||     1
